 Dungeon Crawl Stone Soup version 0.30.0-5-g1a98f26d00 (webtiles) character file.

Game seed: 3575534320257380696

9430 RascalDebosk the Fighter (level 11, -10/87 HPs)
             Began as a Djinni Fire Elementalist on May 10, 2023.
             Was an Initiate of Ashenzari.
             Mangled by a very large slime creature (53 damage)
             ... on level 9 of the Dungeon.
             The game lasted 00:59:46 (10404 turns).

RascalDebosk the Fighter (DjFE)                    Turns: 10404, Time: 00:59:47

Health: -10/87     AC:  9    Str:  7    XL:     11   Next: 74%
Gold:   25         EV: 12    Int: 21    God:    Ashenzari [......] SH:  0 Dex: 14

rFire   + + .        i - +3 long sword (freeze)
rCold   x . .        (no shield)
rNeg    . . .        A - +0 steam dragon scales
rPois   ∞            q - +0 helmet
rElec   .            s - +0 cloak
rCorr   .            (no gloves)
SInv    .            (boots unavailable)
Will    ++...        y - amulet of Ashenzari's Gnosis {Regen+, Evo, Self} (curse)
Stlth   ++           m - ring of willpower
HPRegen 1.14/turn    (no ring)
MPRegen 0.00/turn

%: infuse magic (-11 HP)
@: flying
A: sickness immunity, fire resistance 2, cold vulnerability 1, float, innate
caster, HP casting, extra vitality 1
a: Renounce Religion, Shatter the Chains


You were on level 9 of the Dungeon.
You worshipped Ashenzari.
Ashenzari was noncommittal.
You visited 2 branches of the dungeon, and saw 10 of its levels.
You also visited: Sewer.

You collected 405 gold pieces.
You spent 380 gold pieces at shops.

Inventory:

Hand Weapons
 i - a +3 long sword of freezing (weapon)
 z - a +4 long sword
Armour
 q - a +0 helmet (worn)
 s - a +0 cloak (worn)
 A - +0 steam dragon scales (worn)
Jewellery
 g - a ring of protection from fire
 m - a ring of willpower (left hand)
 y - the cursed amulet of Ashenzari's Gnosis (around neck) {Regen+, Evo, Self}
   (You found it on level 8 of the Dungeon)

   [amulet of regeneration]

   Regen:     It increases your rate of health regeneration.
   It has a curse which improves the following skills: Evocations: Evocations.
   Introspection: Fighting and Spellcasting.
Wands
 a - a wand of flame (40)
 l - a wand of light (19)
 u - a wand of charming (13)
Scrolls
 e - 4 scrolls of fear
 h - a scroll of blinking {unknown}
 j - 4 scrolls of vulnerability
 k - 4 scrolls of enchant weapon {unknown}
 n - 2 scrolls of poison {unknown}
 o - 2 scrolls of enchant armour {unknown}
 r - a scroll of brand weapon {unknown}
 t - 3 scrolls of teleportation
 v - 4 scrolls of noise {unknown}
 C - a scroll of immolation {unknown}
 D - a scroll of torment {unknown}
 G - a scroll of amnesia {unknown}
Potions
 b - 3 potions of degeneration
 c - a potion of brilliance
 d - 8 potions of curing
 f - 3 potions of mutation {unknown}
 p - 3 potions of attraction
 w - 2 potions of lignification
 x - 2 potions of ambrosia {unknown}
 E - 2 potions of flight {unknown}
 H - a potion of heal wounds {unknown}
Miscellaneous
 B - a box of beasts
 F - a phial of floods


   Skills:
 * Level 10.7(11.1) Fighting
 + Level 1.8 Long Blades
 + Level 7.4 Armour
 - Level 2.1 Dodging
 - Level 1.5 Stealth
 * Level 9.2(9.6) Spellcasting
 + Level 2.0(2.3) Evocations


You knew the following spells:

 Your Spells              Type           Power      Damage    Failure   Level
a - Foxfire               Conj/Fire      100%       2x1d9     1%          1
b - Scorch                Fire           100%       2d9       1%          2
c - Volatile Blastmotes   Fire/Tloc      100%       2d18      1%          3
d - Inner Flame           Hex/Fire       50%        N/A       1%          3
e - Flame Wave            Conj/Fire      50%        2d12      1%          4
f - Beastly Appendage     Tmut           100%       N/A       1%          1
g - Momentum Strike       Conj/Tloc      100%       3d10      1%          2
h - Call Imp              Summ           100%       N/A       1%          2
i - Ice Form              Ice/Tmut       50%        N/A       1%          4
j - Summon Mana Viper     Hex/Summ       50%        N/A       3%          5
Your spell library was empty.

Dungeon Overview and Level Annotations

Branches:
Dungeon (9/15)             Temple (1/1) D:7            Lair (0/5) D:9
  Sewer (visited)
    Orc: D:9-12

Altars:
Ashenzari
Cheibriados
Dithmenos
Elyvilon
Fedhas
Gozag
Hepliaklqana
Makhleb
Nemelex Xobeh
Okawaru
Qazlal
Ru
Trog
Uskayaw
Wu Jian
Xom
Yredelemnul
Zin
The Shining One

Shops:
D:2 *   D:7 =   D:8 !:   D:9 *(!:(


Innate Abilities, Weirdness & Mutations

You are immune to sickness and miasma.
You are immune to poison.
Your flesh is very heat resistant. (rF++)
You are vulnerable to cold. (rC-)
You float through the air rather than walking.
You learn spells naturally, not from books.
Your magical power is your life essence.
You have superior vitality. (+4 MHP)


Message History

You start resting.
Your foxfire dissipates!
Your foxfire dissipates!
There is an open door, spattered with blood here.
You see here a +0 whip.
Things that are here:
a +0 spear; a +0 scale mail
There is an entrance to Zerphaoha's Antique Weapon Shop here.
Things that are here:
a +0 spear; a +0 scale mail
Things that are here:
a +0 heavy spear; a gnoll corpse You now have 25 gold pieces (gained 7).
You reach down and open the door.
Ashenzari invites you to partake of a vision and a curse of evocations and introspection.
Found Ishruren's Book Shoppe.
Your amulet of regeneration glows black for a moment.
You need no library to learn spells.
There is an open door here.
There is an entrance to Ishruren's Book Shoppe here.
You can access your shopping list by pressing '$'.
You reach down and open the door. 4 slime creatures come into view.
The slime creature quivers.
Two slime creatures merge to form a large slime creature.
Casting: Scorch (safe; 1% risk of failure)
Confirm with . or Enter, or press ? or * to list all spells.
A cloud of volatile blastmotes flares up around you!
Casting: Volatile Blastmotes (safe; 1% risk of failure)
Confirm with . or Enter, or press ? or * to list all spells.
A cloud of volatile blastmotes flares up around you!
The slime creature quivers.
There is an entrance to Ishruren's Book Shoppe here.
Casting: Volatile Blastmotes (safe; 1% risk of failure)
Confirm with . or Enter, or press ? or * to list all spells.
A cloud of volatile blastmotes flares up around you!
The cloud of blastmotes explodes!
The concussive blast engulfs the large slime creature!!
The large slime creature is lightly wounded.
The cloud of blastmotes explodes!
The concussive blast engulfs the large slime creature!
The large slime creature is moderately wounded.
The concussive blast engulfs you! You resist.
You are knocked back by the blast.
The large slime creature is knocked back by the blast.
The cloud of blastmotes explodes!
The concussive blast engulfs you! You resist.
You are knocked back by the blast.
There is an open door here.
Casting: Volatile Blastmotes (safe; 1% risk of failure)
Confirm with . or Enter, or press ? or * to list all spells.
A cloud of volatile blastmotes flares up around you!
Casting: Volatile Blastmotes (safe; 1% risk of failure)
Confirm with . or Enter, or press ? or * to list all spells.
A cloud of volatile blastmotes flares up around you!
The cloud of blastmotes explodes!
The concussive blast engulfs the large slime creature!
The large slime creature is moderately wounded.
Casting: Volatile Blastmotes (safe; 1% risk of failure)
Confirm with . or Enter, or press ? or * to list all spells.
A cloud of volatile blastmotes flares up around you!
Casting: Volatile Blastmotes (safe; 1% risk of failure)
Confirm with . or Enter, or press ? or * to list all spells.
A cloud of volatile blastmotes flares up around you!
The slime creature quivers.
The cloud of blastmotes explodes!
The concussive blast engulfs the large slime creature!!
The large slime creature is moderately wounded.
The cloud of blastmotes explodes!
The concussive blast engulfs the large slime creature!!
The large slime creature is heavily wounded.
Casting: Volatile Blastmotes (safe; 1% risk of failure)
Confirm with . or Enter, or press ? or * to list all spells.
A cloud of volatile blastmotes flares up around you!
The cloud of blastmotes explodes!
The concussive blast engulfs the large slime creature!!
The large slime creature is severely wounded.
The concussive blast engulfs you. You resist.
You are knocked back by the blast.
Casting: Volatile Blastmotes (safe; 1% risk of failure)
Confirm with . or Enter, or press ? or * to list all spells.
Casting: Flame Wave (mildly dangerous; 1% risk of failure)
Press: ? - help, Dir - look around, f - activate A wave of flame ripples out! (Press . to intensify the flame waves.)
A wave of flame ripples out!
The flame wave engulfs the large slime creature.
The large slime creature is severely wounded.
The flame wave engulfs the slime creature!
The slime creature is moderately wounded.
The large slime creature hits you!!
* * * LOW HITPOINT WARNING * * *
Two slime creatures merge to form a very large slime creature.
A wave of flame ripples out!
The flame wave engulfs the very large slime creature!
The very large slime creature is severely wounded.
* * * LOW HITPOINT WARNING * * *
You finish channelling waves of flame.
The very large slime creature hits you!!!
Ouch! That really hurt!
You die...

#...J........#
#.############
#.# #.# #J#
#.#######
#........
#J####### #@#
###


You could see a very large slime creature and a slime creature.

Vanquished Creatures
  2 two-headed ogres
  An ugly thing (D:6)
  Joseph (D:9)
  2 trolls (D:9)
  A wraith (D:9)
  Eustachio (D:6)
  A human (D:3)
  5 steam dragons
  4 water moccasins
  2 black bears
  2 sky beasts
  3 orc warriors
  Pargi (Sewer)
  2 ice beasts
  4 ogres
  2 wolves (D:9)
  4 kobold brigands
  5 bullfrogs
  A gnoll sergeant (D:9)
  6 scorpions
  16 wights
  6 killer bees
  4 electric eels (D:9)
  2 jellies (D:5)
  2 howler monkeys
  Crazy Yiuf (D:3)
  2 orc priests
  5 hounds
  10 iguanas
  Natasha (thrice) (D:2)
  8 orc wizards
  2 sleepcaps (D:6)
  Robin (D:3)
  5 adders
  7 gnolls
  3 shadow imps
  3 white imps
  3 ufetubi
  3 dart slugs
  37 orcs
  4 ball pythons
  7 endoplasms
  8 giant cockroaches
  12 goblins
  10 hobgoblins
  6 jackals
  7 quokkas
  5 bats
  2 frilled lizards
  A jackal skeleton (D:3)
  A jackal zombie (D:3)
  33 kobolds
  9 rats
278 creatures vanquished.

Vanquished Creatures (collateral kills)
  Erica (D:9)
  A hound (D:9)
  An orc priest (D:9)
  An orc wizard (D:9)
  2 orcs (D:9)
  A foxfire (D:7)
7 creatures vanquished.

Vanquished Creatures (others)
  997 foxfires
997 creatures vanquished.

Grand Total: 1282 creatures vanquished

Notes
Turn   | Place    | Note
-------+----------+-------------------------------------------
     0 | D:1      | RascalDebosk the Djinni Fire Elementalist began the quest
                  | for the Orb.
     0 | D:1      | RascalDebosk set off with the following spells memorised:
                  | Foxfire, Scorch, Volatile Blastmotes, Inner Flame, Flame
                  | Wave.
     0 | D:1      | Reached XP level 1. HP: 15/15 MP: 0/0
   207 | D:1      | Reached XP level 2. HP: 20/21 MP: 0/0
   435 | D:1      | Reached XP level 3. HP: 23/25 MP: 0/0
   435 | D:1      | Learned a level 1 spell: Beastly Appendage
  1192 | D:2      | Found Paceo's Assorted Antiques.
  1196 | D:2      | Bought a scroll labelled NIDIOJ VICVYA for 22 gold pieces
  1196 | D:2      | Bought a scroll labelled NIDIOJ VICVYA for 22 gold pieces
  1196 | D:2      | Bought a scroll labelled MIPANU OROMYI for 22 gold pieces
  1274 | D:2      | Noticed Natasha
  1279 | D:2      | Killed Natasha
  1280 | D:2      | Reached XP level 4. HP: 26/31 MP: 0/0
  1289 | D:2      | Noticed Natasha
  1295 | D:2      | Killed Natasha
  1465 | D:2      | Noticed an ogre
  1469 | D:2      | Killed an ogre
  1470 | D:2      | Reached skill level 1 in Fighting
  1470 | D:2      | Reached skill level 1 in Armour
  1470 | D:2      | Reached XP level 5. HP: 3/38 MP: 0/0
  1470 | D:2      | Learned a level 2 spell: Momentum Strike
  1886 | D:2      | Noticed Natasha
  1894 | D:2      | Killed Natasha
  1895 | D:2      | Reached skill level 2 in Fighting
  1895 | D:2      | Reached XP level 6. HP: 37/43 MP: 0/0
  2230 | D:3      | Found an iron altar of Okawaru.
  2242 | D:3      | Noticed Robin
  2247 | D:3      | Killed Robin
  2441 | D:3      | Found a glowing drain.
  2457 | Sewer    | Entered a sewer
  2471 | Sewer    | Noticed Pargi
  2475 | Sewer    | Killed Pargi
  2770 | D:3      | Found a runed translucent door.
  2770 | D:3      | Noticed a human
  2776 | D:3      | Found a basalt altar of Yredelemnul.
  2785 | D:3      | Killed a human
  2786 | D:3      | Reached skill level 3 in Fighting
  2786 | D:3      | Reached XP level 7. HP: 23/50 MP: 0/0
  2786 | D:3      | Learned a level 2 spell: Call Imp
  3237 | D:3      | Found a faded altar of an unknown god.
  3353 | D:3      | Found a runed translucent door.
  3354 | D:3      | Noticed Crazy Yiuf
  3359 | D:3      | Killed Crazy Yiuf
  3360 | D:3      | Reached skill level 5 in Spellcasting
  3656 | D:4      | Found a sparkling altar of Nemelex Xobeh.
  3708 | D:4      | Found a white marble altar of Elyvilon.
  3923 | D:4      | Reached skill level 4 in Fighting
  4121 | D:4      | Reached XP level 8. HP: 50/58 MP: 0/0
  4319 | D:4      | Found a glowing silver altar of Zin.
  4378 | D:4      | Identified the +5 sling of Harmony {flame, rF+}
  4493 | D:5      | Entered Level 5 of the Dungeon
  4614 | D:5      | Found a hide-covered altar of Uskayaw.
  4682 | D:5      | Reached skill level 5 in Fighting
  4689 | D:5      | HP: 1/59 [dart slug/slug dart (5)]
  5062 | D:5      | Reached XP level 9. HP: 54/66 MP: 0/0
  5062 | D:5      | Learned a level 4 spell: Ice Form
  5188 | D:5      | Reached skill level 6 in Fighting
  5190 | D:5      | Found a hazy altar of Hepliaklqana.
  5627 | D:6      | Found a bloodstained altar of Trog.
  5908 | D:6      | Noticed a cyan ugly thing
  5929 | D:6      | Reached skill level 7 in Fighting
  6011 | D:6      | Killed a cyan ugly thing
  6012 | D:6      | Reached skill level 5 in Armour
  6185 | D:6      | Reached XP level 10. HP: 42/76 MP: 0/0
  6457 | D:6      | Noticed Eustachio
  6469 | D:6      | Killed Eustachio
  6470 | D:6      | Reached skill level 8 in Fighting
  6985 | D:2      | Bought a distressingly furry ring mail for 198 gold pieces
  6985 | D:2      | Identified the +1 ring mail "Hicoosarph" {-Cast rPois SInv}
                  | (You bought it in a shop on level 2 of the Dungeon)
  7759 | D:7      | Reached skill level 9 in Fighting
  7833 | D:7      | Found Piol's Jewellery Shop.
  8046 | D:7      | Found a staircase to the Ecumenical Temple.
  8055 | Temple   | Entered the Ecumenical Temple
  8355 | D:8      | Noticed a two-headed ogre
  8537 | D:8      | Killed a two-headed ogre
  8538 | D:8      | Reached XP level 11. HP: 21/84 MP: 0/0
  8538 | D:8      | Learned a level 5 spell: Summon Mana Viper
  8539 | D:8      | HP: 4/84 [killer bee (8)]
  9008 | D:8      | Found Ecut's Vocational Training.
  9082 | D:8      | Found Nualetea's Distillery.
  9097 | D:8      | Bought a potion of curing for 48 gold pieces
  9282 | D:8      | Identified the +1 plate armour "Kamnuox" {rPois rC- Will+}
  9293 | D:8      | Reached skill level 10 in Fighting
  9475 | D:9      | Found Xeunnaf's Assorted Antiques.
  9478 | D:9      | Bought a scroll labelled IWAKHITHO for 34 gold pieces
  9478 | D:9      | Bought a scroll labelled XEUNOT OSHETA for 34 gold pieces
  9672 | Temple   | Became a worshipper of Ashenzari the Shackled
  9796 | D:9      | Noticed a +0 rapier
  9798 | D:9      | Found Vuacer's Weapon Shoppe.
  9808 | D:9      | Noticed a +0 demon blade
 10030 | D:9      | Noticed a two-headed ogre
 10042 | D:9      | Killed a two-headed ogre
 10043 | D:9      | Reached skill level 1 in Long Blades
 10043 | D:9      | Reached skill level 1 in Evocations
 10081 | D:9      | Noticed Joseph
 10104 | D:9      | Killed Joseph
 10201 | D:9      | Found a staircase to the Lair.
 10224 | D:9      | Noticed Erica
 10233 | D:9      | Killed Erica
 10240 | D:9      | Found Haoll's Distillery.
 10271 | D:9      | Found Zerphaoha's Antique Weapon Shop.
 10367 | D:9      | Found Ishruren's Book Shoppe.
 10404 | D:9      | Mangled by a very large slime creature

Illustrated notes

Levels and vault maps discovered:
D:1:      dpeg_arrival_boxes_within_box, layout_loops_ring, minmay_fountain_box,
          minmay_cut_off
D:2:      layout_basic, serial_shops, nicolae_shop_back_alley_shop,
          minmay_misc_feat_doors, uniq_natasha
D:3:      layout_loops_ring, dk_yredelemnul_ordeal,
          mainiacjoe_overflow_alcove_1, gup_sewer_entry_pipe,
          chequers_ecumenical_altar_island, hangedman_feature_mirror,
          chequers_serial_rivers_micro_d, uniq_crazy_yiuf_cottage, uniq_robin
D:4:      layout_basic, mainiacjoe_overflow_catch_the_wave,
          mainiacjoe_overflow_chevrons
D:5:      minmay_octagon_keep, layout_rooms, nicolae_hepliaklqana_hazy_memory,
          overflow_temple_1_default
D:6:      minmay_clustersquares, layout_basic, lemuel_coloured_pillars_altar,
          minmay_misc_feat_four_crosses, uniq_eustachio
D:7:      layout_basic, temple_hall, serial_shops, nicolae_shop_hallway_stairs
D:8:      layout_cave_pools, serial_shops, nicolae_diamond_shop, hex_large,
          nicolae_shop_vocational
D:9:      layout_basic, erik_lair_island, serial_shops, shop,
          nicolae_shop_tiny_waterfront, shop, nicolae_shop_mannequins,
          kennysheep_little_box, uniq_erica, uniq_joseph
Temple:   minmay_temple_curvy_branch

Skill      XL: |  1  2  3  4  5  6  7  8  9 10 11 |
---------------+----------------------------------+-----
Spellcasting   | 3 4 5 6 7 8 9 |  9.2
Fighting       | 1 2 3 4 5 7 9 10 | 10.7
Armour         | 1 2 3 5 6 7 |  7.4
Long Blades    | 1 |  1.8
Evocations     | 2 |  2.0
Dodging        | |  2.1
Stealth        | |  1.5

Action                     |  1- 3 |  4- 6 |  7- 9 | 10-12 || total
---------------------------+-------+-------+-------+-------++-------
  Melee: Unarmed           |       |     1 |     3 |       ||     4
         Falchion          |       |       |     7 |       ||     7
         Long sword        |       |       |     2 |    24 ||    26
         Punch             |       |       |       |     1 ||     1
   Cast: Foxfire           |    56 |    98 |   199 |   268 ||   621
         Scorch            |     6 |    19 |    41 |    62 ||   128
         Inner Flame       |       |       |     2 |     6 ||     8
         Flame Wave        |       |       |     2 |     7 ||     9
         Ice Form          |       |       |     1 |       ||     1
         Momentum Strike   |       |       |       |     1 ||     1
         Volatile Blastmot |       |       |       |     8 ||     8
         Summon Mana Viper |       |       |       |     3 ||     3
 Invoke: Curse Item        |       |       |       |     1 ||     1
    Use: Scroll            |       |       |     5 |     3 ||     8
 Armour: Robe              |     3 |     2 |    13 |       ||    18
         Steam dragon scal |       |       |     1 |    49 ||    50
         Skin              |       |       |     1 |       ||     1
  Dodge: Dodged            |     5 |     9 |    56 |   101 ||   171
